 Dungeon Crawl Stone Soup version 0.30-a0-325-gb515db48ae (console) character file.

Game seed: 2908523313300646597

133 Ignak the Trooper (level 5, -2/54 HPs)
             Began as an Ogre Warper on Oct 28, 2022.
             Slain by Grinder (3 damage)
             ... on level 4 of the Dungeon.
             The game lasted 00:06:27 (3058 turns).

Ignak the Trooper (Ogre Warper)                     Turns: 3058, Time: 00:06:28

Health: -2/54      AC:  8    Str: 17    XL:     5   Next: 16%
Magic:  0/9        EV: 10    Int: 14    God:
Gold:   41         SH:  0    Dex:  8    Spells: 2/10 levels left

rFire   . . .      SeeInvis .    a - +0 mace
rCold   . . .      Faith    .    f - orb {light}
rNeg    . . .      Spirit   .    b - +0 robe
rPois   .          Reflect  .    l - +1 hat
rElec   .          Harm     .    g - scarf {repulsion}
rCorr   .          Rampage  .    (gloves unavailable)
Will    .....                    (boots unavailable)
Stlth   +.........               (no amulet)
HPRegen 0.29/turn                p - +4 ring of protection
MPRegen 0.11/turn                (no ring)

@: very slightly contaminated, glowing, repel missiles
A: large, unfitting armour, tough skin 1
a: no special abilities


You were on level 4 of the Dungeon.
You visited 1 branch of the dungeon, and saw 4 of its levels.

You collected 107 gold pieces.
You spent 66 gold pieces at shops.

Inventory:

Hand Weapons
 a - a +0 mace (weapon)
Missiles
 d - 7 boomerangs of dispersal (quivered)
Armour
 b - a +0 robe (worn)
 f - an orb of light (worn)
 g - a scarf of repulsion (worn)
 l - a +1 hat (worn)
Jewellery
 p - a +4 ring of protection (left hand)
 w - a ring of fire
Scrolls
 c - 2 scrolls of blinking
 e - 2 scrolls of amnesia
 i - a scroll of brand weapon {unknown}
 k - a scroll of teleportation
 m - a scroll of enchant weapon {unknown}
 s - 2 scrolls of identify {unknown}
 v - a scroll of enchant armour {unknown}
Potions
 h - a potion of flight {unknown}
 j - 2 potions of might
 n - 3 potions of curing
 o - a potion of invisibility


   Skills:
 * Level 3.8 Fighting
 * Level 2.6 Maces & Flails
 + Level 1.9 Throwing
 * Level 2.8 Dodging
 + Level 0.2 Unarmed Combat
 + Level 3.0 Spellcasting
 + Level 3.1 Translocations


You had 2 spell levels left.
You knew the following spells:

 Your Spells              Type           Power      Damage    Failure   Level
a - Teleport Other        Tloc           10%        N/A       19%         3
b - Blink                 Tloc           20%        N/A       9%          2
c - Vhi's Electric Charg  Tloc/Air       12%        N/A       34%         3

Your spell library contained the following spells:

 Spells                   Type           Power      Damage    Failure   Level
 Shock                    Conj/Air       8%         1d3       22%         1
 Cigotuvi's Dreadful Rot  Necr/Pois/Air  4%         N/A       32%         2
 Poisonous Vapours        Pois/Air       4%         N/A       32%         2
 Gell's Gravitas          Tloc           10%        N/A       19%         3
 Lesser Beckoning         Tloc           20%        N/A       19%         3
 Portal Projectile        Hex/Tloc       12%        N/A       34%         3
 Manifold Assault         Tloc           10%        N/A       52%         4
 Mephitic Cloud           Conj/Pois/Air  2%         N/A       54%         3
 Swiftness                Air            2%         N/A       54%         3
 Tukima's Dance           Hex            2%         N/A       54%         3
 Airstrike                Air            1%         2d(1-17)  91%         4
 Blade Hands              Tmut           1%         N/A       99%         5
 Dispersal                Tloc           5%         N/A       100%        6


Dungeon Overview and Level Annotations

Branches:
Dungeon (4/15)
 Temple: D:4-7

Altars:

Shops:
D:2 !

Annotations:
D:4 Grinder


Innate Abilities, Weirdness & Mutations

You are too large for most types of armour.
You have tough skin. (AC +1)


Message History

Grinder gestures at you.
You struggle to resist.
Grinder gestures at you.
You suddenly lose the ability to move!
You feel stable enough to blink again. Grinder hits you.
You writhe in agony.
Grinder hits you!
You can move again.
Unknown command.
You hit Grinder.
Grinder is heavily wounded.
Grinder hits you!
* * * LOW HITPOINT WARNING * * *
You writhe in agony.
* * * LOW HITPOINT WARNING * * *
Unknown command.
Unknown command.
Press: ? - help, v - describe, . - travel
Here: Grinder (heavily wounded, haloed)
The floor.
Unknown command.
Unknown command.
Okay, then.
Casting: Blink (safe; 9% risk of failure)
Confirm with . or Enter, or press ? or * to list all spells.
Okay, then.
Unknown command.
Casting: Blink (safe; 9% risk of failure)
Confirm with . or Enter, or press ? or * to list all spells.
Aiming: Teleport Other (dangerous; 19% risk of failure)
Press: ? - help, Shift-Dir - straight line, f/p - Grinder
Aim: Grinder (heavily wounded, haloed, chance to affect: 49%)
You miscast Teleport Other.
You are very lightly contaminated with residual magic.
Nothing appears to happen.
Grinder says, "Wait up."
Grinder hits you!
* * * LOW HITPOINT WARNING * * *
You writhe in agony.
You die...

############### ##
#(............##
.#######..).....###...##
#.......<######.##.....##
.#######.# #..........# .#
#.#####..##......# .#
#........5@.....#.#######.
.#
#..#####..####.##.........
.# #..#
#..####.##.######## .####
#..#####.......##.#
....###>.............##.#
........######.#####....#
....###........# #.##.#
### ....# #.....####
#.##.#######..
....###.##..#
#.#...........


You could see Grinder.

Vanquished Creatures
  An orc priest (D:3)
  5 adders
  2 dart slugs (D:3)
  4 orcs
  A bat (D:3)
  5 endoplasms
  2 giant cockroaches
  A goblin (D:2)
  7 hobgoblins
  6 jackals
  A quokka (D:3)
  5 ball pythons
  3 frilled lizards
  3 kobolds (D:1)
  5 rats
51 creatures vanquished.

Vanquished Creatures (others)
  A plant (D:2)
1 creature vanquished.

Grand Total: 52 creatures vanquished

Notes
Turn   | Place    | Note
-------+----------+-------------------------------------------
     0 | D:1      | Ignak the Ogre Warper began the quest for the Orb.
     0 | D:1      | Reached XP level 1. HP: 22/22 MP: 3/3
    59 | D:1      | Reached XP level 2. HP: 29/29 MP: 3/5
    63 | D:1      | Learned a level 2 spell: Blink
   668 | D:2      | Found Navuel's Distillery.
   715 | D:2      | Found a faded altar of an unknown god.
   807 | D:2      | Reached XP level 3. HP: 34/37 MP: 6/6
  1109 | D:2      | Learned a level 3 spell: Teleport Other
  1182 | D:2      | Bought a potion of curing for 33 gold pieces
  1182 | D:2      | Bought a potion of curing for 33 gold pieces
  1377 | D:2      | Reached XP level 4. HP: 26/45 MP: 2/8
  2075 | D:3      | Reached XP level 5. HP: 26/54 MP: 9/9
  2241 | D:3      | Learned a level 3 spell: Vhi's Electric Charge
  2804 | D:4      | Noticed Grinder
  2806 | D:4      | Paralysed by something for 4 turns
  3037 | D:4      | Paralysed by Grinder for 5 turns
  3054 | D:4      | Paralysed by Grinder for 3 turns
  3058 | D:4      | HP: 1/54 [Grinder (7)]
  3058 | D:4      | Slain by Grinder

Illustrated notes

Levels and vault maps discovered:
D:1:      saegor_arrival_simple_c, layout_rooms
D:2:      layout_basic, serial_shops, nicolae_shop_trees,
          shapermc_ecumenical_altar_gd
D:3:      layout_loops_ring
D:4:      layout_loops_ring, grunt_decor_arrowhead, serial_bayou_pond_e,
          minmay_pentomino_pile, uniq_ijyb, uniq_blork_the_orc, uniq_grinder,
          uniq_robin, uniq_sigmund

Skill      XL: |  1  2  3  4 |
---------------+-------------+-----
Fighting       | 3 |  3.8
Maces & Flails | 2 |  2.6
Translocations | 3 |  3.1
Spellcasting   | 3 |  3.0
Throwing       | |  1.9
Dodging        | |  2.8
Unarmed Combat | |  0.2

Action                   |  1- 3 |  4- 6 || total
-------------------------+-------+-------++-------
Melee: Mace              |    86 |    72 ||   158
 Cast: Blink             |     1 |     2 ||     3
       Teleport Other    |     1 |       ||     1
       Vhi's Electric Ch |       |     3 ||     3
  Use: Potion            |       |     7 ||     7
       Scroll            |       |     3 ||     3
Armor: Robe              |    24 |    37 ||    61
Dodge: Dodged            |    47 |    43 ||    90

Table legend: (Time is in decaauts)
 A = Elapsed time spent in this place.
 B = Non-inter-level travel time spent in this place.
 C = Inter-level travel time spent in this place.
 D = Time resting spent in this place.
 E = Time spent auto-exploring this place.
 F = Levels seen in this place.
 G = Mean time per level.
                   A        B        C        D        E       F      G
               +--------+--------+--------+--------+--------+-----+--------+
         Total |   3105 |   2986 |    119 |    897 |   1325 |   4 |  776.2 |
       Dungeon |   3105 |   2986 |    119 |    897 |   1325 |   4 |  776.2 |
               +--------+--------+--------+--------+--------+-----+--------+

Top non-repeatable levels by time:
     D:2: 1176 daAuts
     D:3: 1090 daAuts
     D:1: 677 daAuts
     D:4: 161 daAuts
